Map: Dasan Station LE

Players

Motyo

  • Race: Protoss Protoss
  • League: Silver

Gracz

  • Race: Protoss Protoss
  • League: Bronze

Tivi

  • Race: Zerg Zerg
  • League: Silver

Ashaxyn

  • Race: Zerg Zerg

VOD

Have the link to the VOD?

Description

Time

  • Played on: Sept. 5, 2016, 1:06 p.m.
  • Length: 10:57
Show
View Real Time Build Order
Export as new Build Order

Motyo Protoss 

Build Orders:  

Get SALT Encoding   

  12  0:01  Probe (Chrono Boost)  
  13  0:11  Probe (Chrono Boost)  
  14  0:21  Pylon  
  14  0:40  Gateway  
  14  0:42  Assimilator  
  14  0:59  Probe (Chrono Boost)  
  15  1:10  Probe (Chrono Boost)  
  16  1:22  Gateway  
  16  1:33  Cybernetics Core  
  16  1:35  Pylon  
  16  1:58  Probe (Chrono Boost)  
  17  2:08  Warp Gate  
  17  2:10  Adept x2  
  17  2:11  Mothership Core (Chrono Boost)  
  24  2:45  Probe (Chrono Boost)  
  24  2:49  Assimilator  
  24  2:56  Adept x2  
  24  2:57  Probe (Chrono Boost)  
  29  3:16  Probe (Chrono Boost)  
  30  3:28  Nexus  
  30  3:31  Pylon  
  30  4:02  Gateway  
  30  4:05  Gateway  
  30  4:23  Adept x2  
  34  4:29  Probe (Chrono Boost)  
  35  4:32  Pylon  
  35  4:41  Probe x2 (Chrono Boost)  
  35  4:43  Pylon  
  38  4:53  Probe (Chrono Boost)  
  38  5:10  Sentry x4  
  46  5:16  Twilight Council  
  46  5:18  Robotics Facility  
  46  5:21  Probe (Chrono Boost)  
  48  5:22  Probe (Chrono Boost)  
  48  5:34  Probe (Chrono Boost)  
  49  5:41  Blink  
  49  5:42  Probe (Chrono Boost)  
  50  5:46  Probe (Chrono Boost)  
  51  5:51  Stalker x2  
  51  5:52  Stalker, Probe (Chrono Boost)  
  58  6:16  Probe (Chrono Boost)  
  59  6:20  Assimilator  
  59  6:22  Immortal  
  63  6:43  Stalker  
  63  6:44  Stalker x2  
  69  6:49  Pylon  
  69  6:51  Pylon  
  69  6:53  Pylon  
  49  7:49  Stalker x4  
  45  8:07  Gateway, Immortal  
  45  8:08  Gateway  
  45  8:10  Charge  
  45  8:11  Gateway  
  45  8:12  Gateway  
  45  8:14  Stalker  
  45  8:15  Gateway  
  45  8:16  Gateway  
  47  8:43  Pylon, Stalker x3  
  47  8:44  Stalker  
  47  8:45  Forge  
  47  8:47  Pylon  
  55  8:52  Assimilator, Immortal  
  59  9:08  Zealot x4  
  67  9:29  Observer  
  67  9:32  Stalker x2  
  67  9:33  Stalker x2  
  67  9:38  Pylon, Zealot x2  
  80  9:46  Pylon  
  80  9:58  Zealot x6  
  92  10:20  Warp Prism  
  94  10:34  Zealot  
  94  10:35  Zealot x4  
Show
View Real Time Build Order
Export as new Build Order

Gracz Protoss 

Build Orders:  

Get SALT Encoding   

  12  0:01  Drone  
  13  0:16  Overlord  
  13  0:19  Drone  
  14  0:30  Extractor  
  14  0:31  Drone  
  15  0:49  Extractor  
  14  0:55  Spawning Pool  
  14  0:56  Drone  
  14  0:57  Drone x2  
  16  1:17  Drone  
  17  1:39  Drone  
  18  1:45  Roach Warren  
  17  1:48  Extractor  
  17  1:49  Extractor, Queen  
  17  1:50  Drone  
  17  1:51  Drone x2  
  20  2:05  Overlord  
  20  2:15  Hatchery  
  19  2:29  Overlord  
  19  2:49  Spine Crawler  
  18  2:58  Roach x2  
  22  3:08  Zergling x4  
  22  3:09  Zergling x4  
  26  3:30  Drone  
  26  3:33  Ravager  
  26  3:34  Queen  
  28  3:37  Queen  
  28  3:41  Drone  
  33  3:42  Drone  
  33  3:43  Spine Crawler  
  33  3:47  Zergling x2  
  34  4:04  Metabolic Boost  
  30  4:20  Drone x2  
  32  4:32  Drone x2  
  32  4:34  Drone x2  
  36  4:53  Drone  
  36  4:54  Drone x3  
  40  5:00  Evolution Chamber  
  40  5:01  Lair  
  40  5:04  Zergling x2  
  40  5:08  Roach  
  42  5:15  Drone x2  
  44  5:51  Spore Crawler  
  44  5:54  Overlord  
  44  5:55  Overlord  
  44  5:56  Extractor, Queen  
  44  6:04  Overlord  
  44  6:12  Hatchery  
  43  6:19  Drone  
  39  6:40  Roach x4  
  39  6:41  Roach x2  
  51  6:47  Drone  
  51  6:48  Drone  
  51  6:50  Drone x2  
  55  7:19  Zergling x18  
  55  7:20  Zergling x4  
  48  7:48  Drone  
  48  7:49  Roach x2  
  48  7:51  Drone x3  
  52  7:52  Zergling x2, Drone  
  52  7:53  Zergling x8  
  55  8:07  Drone  
  55  8:11  Overseer  
  56  8:18  Baneling Nest  
  57  8:20  Roach, Zergling x8  
  57  8:21  Roach  
  57  8:22  Zergling x2  
  64  8:27  Glial Reconstitution  
  60  8:41  Queen  
  60  8:45  Drone x2  
  64  8:57  Spire  
  64  9:00  Zerg Ground Armor Level 1  
  64  9:01  Zergling x2  
  64  9:02  Zergling x4  
  66  9:06  Overlord  
  66  9:07  Overlord  
  66  9:34  Centrifical Hooks  
  66  9:46  Hydralisk Den  
  65  10:05  Drone x2  
  67  10:09  Drone  
  67  10:11  Queen  
  70  10:14  Mutalisk  
  70  10:15  Mutalisk x5  
  82  10:24  Extractor  
  82  10:25  Drone  
  82  10:28  Overlord x4  
  66  10:40  Zergling x2  
Show
View Real Time Build Order
Export as new Build Order

Tivi Zerg 

Build Orders:  

Get SALT Encoding   

Show
View Real Time Build Order
Export as new Build Order

Ashaxyn Zerg 

Build Orders:  

Get SALT Encoding   

Tags
 
Add a new tag
Caveats
  • Supply blocks, unpowered buildings, or Contaminate may cause inaccurate times.
  • Supply counts are checked every 10 seconds.